AoeStats
← 陟遐自迩

Arabia

508638447Analyzed
4v4 RM · 9d ago on Sep 23, 2026· 42m 47s· 8 players
Game mode
Random Map
Map size
Large (8 player)
Population
200
Speed
Normal
Resources
Standard
Victory
Conquest
Starting age
Dark Age
Ending age
Imperial Age
RankedLock teamsTeams togetherTeam positionsShared explorationLock speedFull tech treeHidden civsTurbo modeCheats
Victory
Defeat
🇨🇳 Danes · China
1138
+14
🇸🇪 Saxons · Sweden
1130
+14
🇲🇦 Hindustanis · Morocco
1033
+18
1026
+18
🇨🇳 Hindustanis · China
1117
-17
🇯🇵 Mongols · Japan
1086
-16
🇩🇪 Varangians · Germany
1076
-16
1047
-15
happykids
12:12 Feudal Age
16:17 Castle Age
14:20 Double-Bit Axe
17:27 Bow Saw
18:57 Horse Collar
20:14 Stone Mining
21:42 Heavy Plow
22:43 Wheelbarrow
22:22 Loom
24:18 Gold Mining
26:58 Fletching
27:55 Gold Shaft Mining
30:23 Imperial Age
28:12 Hand Cart
28:45 Bodkin Arrow
28:50 Padded Archer Armor
29:04 Masonry
29:51 Ballistics
31:29 Thumb Ring
32:25 Chemistry
32:14 Conscription
32:01 Elite Mangudai
33:12 Murder Holes
33:21 Bracer
33:37 Leather Archer Armor
33:53 Bloodlines
33:45 Husbandry
34:07 Scale Barding Armor
34:13 Forging
34:16 Light Cavalry
35:32 Town Watch
35:30 Hussar
37:15 Chain Barding Armor
38:52 Parthian Tactics
38:05 Capped Ram
41:45 Iron Casting
吃饭睡觉打豆豆
8:45 Feudal Age
9:33 Double-Bit Axe
12:44 Horse Collar
18:15 Castle Age
16:39 Stone Mining
28:24 Bow Saw
32:11 Fletching
33:56 Bodkin Arrow
35:11 Kamandaran
68877168
8:58 Feudal Age
9:22 Loom
10:19 Double-Bit Axe
12:00 Horse Collar
19:31 Castle Age
18:25 Gold Mining
21:00 Bow Saw
20:57 Heavy Plow
22:26 Wheelbarrow
23:03 Gold Shaft Mining
23:39 Husbandry
24:06 Bloodlines
26:26 Hand Cart
26:48 Forging
26:44 Scale Barding Armor
28:47 Town Watch
29:16 Stone Mining
32:43 Imperial Age
31:44 Iron Casting
31:30 Chain Barding Armor
32:53 Heavy Camel Rider
34:43 Plate Barding Armor
36:03 Blast Furnace
35:32 Imperial Camel Rider
39:14 Two-Man Saw
40:11 Conscription
41:30 Fletching
陟遐自迩
0:41 Loom
14:20 Feudal Age
22:40 Castle Age
20:44 Double-Bit Axe
20:52 Stone Mining
22:10 Wheelbarrow
23:28 Gold Mining
24:06 Horse Collar
27:52 Stone Shaft Mining
34:31 Imperial Age
33:27 Heavy Plow
33:46 Bow Saw
34:48 Forging
34:44 Scale Barding Armor
36:29 Conscription
35:38 Elite Jarl
37:15 Iron Casting
37:16 Chain Barding Armor
37:39 Crop Rotation
38:25 Ballistics
38:40 Hand Cart
38:10 Town Watch
39:51 Blast Furnace
42:13 Fletching
Wolfie
12:04 Feudal Age
12:33 Double-Bit Axe
13:14 Horse Collar
15:33 Loom
19:36 Castle Age
18:04 Scale Mail Armor
18:38 Fletching
18:57 Stone Mining
20:38 Bow Saw
20:45 Squires
20:55 Gold Mining
22:04 Heavy Plow
22:05 Pikeman
22:10 Elite Skirmisher
26:20 Thumb Ring
29:25 Chain Mail Armor
30:43 Wheelbarrow
30:28 Forging
31:31 Ballistics
31:12 Town Watch
32:46 Bodkin Arrow
33:27 Iron Casting
33:36 Hand Cart
34:06 Murder Holes
34:26 Padded Archer Armor
38:56 Imperial Age
38:33 Gold Shaft Mining
39:13 Leather Archer Armor
39:32 Elite Varangian Guard
40:47 Plate Mail Armor
40:18 Bracer
42:06 Conscription
KingTeOTep
11:13 Feudal Age
11:46 Double-Bit Axe
13:22 Horse Collar
15:43 Loom
19:18 Castle Age
17:38 Scale Barding Armor
18:24 Bloodlines
18:23 Gold Mining
20:41 Husbandry
20:49 Heavy Plow
21:03 Bow Saw
22:11 Town Watch
23:02 Wheelbarrow
24:21 Hand Cart
29:38 Imperial Age
28:21 Forging
28:30 Stone Mining
29:06 Chain Barding Armor
29:47 Heavy Camel Rider
31:39 Two-Man Saw
31:16 Plate Barding Armor
33:11 Gold Shaft Mining
33:22 Stone Shaft Mining
33:35 Iron Casting
33:20 Fletching
34:25 Masonry
36:19 Chemistry
39:11 Blast Furnace
39:07 Grand Trunk Road
40:10 Imperial Camel Rider
42:46 Conscription
Lumberjack
6:05 Loom
8:42 Feudal Age
9:25 Double-Bit Axe
15:24 Fletching
20:07 Wheelbarrow
22:57 Castle Age
22:02 Bloodlines
22:13 Horse Collar
23:41 Gold Mining
24:08 Bow Saw
24:55 Stone Mining
25:34 Ballistics
26:04 Bodkin Arrow
26:31 Padded Archer Armor
28:06 Gold Shaft Mining
27:42 Thumb Ring
34:01 Imperial Age
32:10 Leather Archer Armor
34:18 Hand Cart
35:20 Bracer
36:32 Cranequins
36:53 Heavy Mounted Crossbowman
38:50 Ring Archer Armor
40:42 Chemistry
43:01 Forging
42:52 Scale Mail Armor
43:27 Conscription
ふわふわ☆お姫様
0:30 Loom
9:30 Feudal Age
10:06 Double-Bit Axe
10:02 Horse Collar
17:52 Castle Age
16:51 Stone Mining
18:57 Bow Saw
18:51 Heavy Plow
21:07 Gold Mining
22:34 Padded Archer Armor
22:24 Fletching
24:41 Ballistics
24:54 Husbandry
25:50 Bloodlines
26:56 Leather Archer Armor
26:36 Bodkin Arrow
27:22 Thumb Ring
27:46 Bodkin Arrow
28:45 Wheelbarrow
33:34 Gold Shaft Mining
33:34 Masonry
33:59 Hand Cart
33:30 Town Watch
37:40 Imperial Age
39:07 Parthian Tactics
38:02 Heavy Cavalry Archer
38:45 Bracer
39:15 Ring Archer Armor
Connection lost

Rejoining the realm…

Still unreachable

The connection could not be restored.

Session expired

The server has moved on; the page needs a fresh start.